 Dungeon Crawl Stone Soup version 0.21.0-24-g2553a33 (webtiles) character file.

28 Monsterracer the Ducker (level 2, 0/17 HPs)
             Began as a Deep Elf Gladiator on Jan 20, 2018.
             Succumbed to an adder's poison
             ... on level 2 of the Dungeon.
             The game lasted 00:01:07 (1441 turns).

Monsterracer the Ducker (Deep Elf Gladiator)        Turns: 1441, Time: 00:01:08

Health: 0/17       AC:  6    Str: 11    XL:     2   Next: 96%
Magic:  4/4        EV: 12    Int: 12    God:
Gold:   30         SH:  0    Dex: 16    Spells: 1/1 levels left

rFire    + . .     SeeInvis .   a - +0 quarterstaff
rCold    + . .     Gourm    .   (shield currently unavailable)
rNeg     . . .     Faith    .   l - +0 ring mail
rPois    +         Spirit   .   f - +0 helmet
rElec    +         Reflect  .   (no cloak)
rCorr    +         Harm     .   (no gloves)
MR       .....                  (no boots)
Stlth    +.........             (no amulet)
HPRegen  0.05/turn              (no ring)
MPRegen  0.09/turn              (no ring)

@: lethally poisoned (0 -> -7), resistant
A: no striking features
a: no special abilities


You were on level 2 of the Dungeon.
You were not hungry.

You visited 1 branch of the dungeon, and saw 2 of its levels.

You collected 30 gold pieces.

Inventory:

Hand Weapons
 a - a +0 quarterstaff (weapon)
Missiles
 d - 2 throwing nets (quivered)
Armour
 f - a +0 helmet (worn)
 l - a +0 ring mail (worn)
Scrolls
 e - a scroll of fear {unknown}
 h - a scroll of identify {unknown}
 i - a scroll of blinking {unknown}
 j - a scroll of enchant weapon {unknown}
 k - a scroll of amnesia {unknown}
Potions
 b - a potion of heal wounds {unknown}
Comestibles
 c - 3 rations


   Skills:
 + Level 1.9 Fighting
 * Level 3.6 Staves
 - Level 2.0 Throwing
 + Level 4.0 Dodging


You had one spell level left.
You didn't know any spells.

Dungeon Overview and Level Annotations

Branches:
Dungeon (2/15)

Altars:


Message History

No target in view!
Done exploring.
No target in view!
Done exploring.
Key pressed, stopping explore.
No target in view!
Done exploring.
There is a stone staircase leading down here.
You climb downwards.
There is a stone staircase leading up here.
A worm comes into view.
Found a stone staircase leading up.
A worm is nearby!
A worm is nearby!
No target in view!
No target in view!
No target in view!
No target in view!
You sock the worm!
The worm is heavily wounded.
The worm bites you.
You take 6 damage, and have 11/17 hp.
MASSIVE DAMAGE!!
You are too injured to fight recklessly!
You are too injured to fight recklessly!
You are too injured to fight recklessly!
You hit the worm.
The worm is heavily wounded.
You completely miss the worm.
The worm is heavily wounded.
The worm bites you but does no damage.
You hit the worm.
The worm is heavily wounded.
The worm barely misses you.
You sock the worm!
You kill the worm!
You see here a worm corpse.
You butcher the worm corpse.
m - 2 chunks of flesh Sorry, you're not good enough to have a special ability.
Sorry, you're not good enough to have a special ability.
You are too injured to fight recklessly!
Sorry, you're not good enough to have a special ability.
You are too injured to fight recklessly!
Eating one of 2 chunks of flesh.
You eat one of the 2 chunks of flesh.
This raw flesh tastes terrible.
Eating a chunk of flesh.
You eat the chunk of flesh.
This raw flesh tastes terrible.
Key pressed, stopping explore.
An adder comes into view.
You regained 4 hp, and now have 15/17 hp.
The adder hisses angrily.
An adder is nearby!
An adder is nearby!
The adder bites you.
You take 1 damage, and have 14/17 hp.
You miss the adder. The adder bites you.
You take 1 damage, and have 13/17 hp.
You closely miss the adder. The adder bites you. x2
* * * LOW HITPOINT WARNING * * *
You take 7 damage, and have 6/17 hp.
MASSIVE DAMAGE!!
You closely miss the adder. The adder barely misses you.
You hit the adder.
The adder is lightly wounded.
The adder completely misses you.
You miss the adder.
The adder is lightly wounded.
The adder bites you.
* * * LOW HITPOINT WARNING * * *
The adder misses you.
You take 3 damage, and have 4/17 hp.
Throwing (i - inventory):
d - 3 throwing nets (quivered)
Press: ? - help, Shift-Dir - straight line, f - adder
Aim: an adder (lightly wounded)
You throw a throwing net. The throwing net hits the adder.
The adder is caught in the net!
The adder is lightly wounded.
The adder struggles against the net.
You barely miss the adder.
The adder is lightly wounded.
The adder struggles against the net. x2
You hit the adder.
The adder is heavily wounded.
The adder struggles against the net.
The net rips apart, and the adder comes free!
You closely miss the adder.
The adder is heavily wounded.
The adder barely misses you.
You hit the adder.
The adder is heavily wounded.
The adder bites you but does no damage. x2
You barely miss the adder.
The adder is heavily wounded.
The adder bites you.
* * * LOW HITPOINT WARNING * * *
You are lethally poisoned!
The adder poisons you!
You take 3 damage, and have 1/17 hp.
It was a potion of resistance.
You feel protected.
You die...

.. .# #.####.#
###.#..#.# #
....%...#.#
#######...!..#.#
......<........#.#
..................
#......#..@S.#
............##
..#...#####..######
#######..........
.................
#######..........
#................
#.####.#+###+####
#######.####.#


You could see an adder.

Vanquished Creatures
  A worm (D:2)
  2 dart slugs (D:1)
  3 goblins (D:1)
  4 jackals (D:1)
  A kobold (D:1)
  13 rats (D:1)
24 creatures vanquished.

Notes
Turn   | Place    | Note
-------+----------+-------------------------------------------
     0 | D:1      | Monsterracer the Deep Elf Gladiator began the quest for the Orb.
     0 | D:1      | Reached XP level 1. HP: 12/12 MP: 3/3
    15 | D:1      | HP: 6/12 [rat (2)]
    25 | D:1      | HP: 4/12 [rat (3)]
    29 | D:1      | HP: 1/12 [rat (3)]
   330 | D:1      | Reached XP level 2. HP: 17/17 MP: 4/4
   473 | D:1      | HP: 8/17 [goblin/dagger (2)]
   872 | D:1      | Reached skill level 4 in Dodging
  1431 | D:2      | HP: 6/17 [adder (3)]
  1440 | D:2      | HP: 1/17 [adder (3)]
  1441 | D:2      | Succumbed to an adder's poison

Skill      XL: |  1  2 |
---------------+-------+-----
Dodging        | 4 |  4.0
Fighting       | |  1.9
Staves         | |  3.6
Throwing       | |  2.0

Action                   || total
-------------------------++-------
Melee: Quarterstaff      ||    72
Throw: Throwing net      ||     1
  Use: Potion            ||     1
  Eat: Chunk             ||     2
Armor: Leather armour    ||    10
       Ring mail         ||     3
Dodge: Dodged            ||    42

Vault maps used:
D:1:      erik_arrival_orb_chamber, wad_floor_pattern_untrapped
D:2:      minivault_25, nicolae_dithmenos_through_a_glass_darkly
